Map: Year Zero LE

Players

ZaZen - Winner!

  • Race: Terran Terran
  • League: Silver
  • Spawn Location: 1:00

TheChubbyBox

  • Race: Terran Terran
  • Spawn Location: 11:00

VOD

Have the link to the VOD?

Description

Time

  • Played on: May 18, 2019, 12:02 p.m.
  • Length: 21:12
Show
View Real Time Build Order
Export as new Build Order

ZaZen Terran - Winner!

Build Orders:  

Get SALT Encoding   

  12  0:01  SCV  
  13  0:16  Supply Depot  
  13  0:18  SCV  
  14  0:30  SCV  
  14  0:31  Refinery  
  15  0:42  SCV  
  16  0:47  Barracks  
  16  0:54  SCV  
  17  0:58  Refinery  
  17  1:06  SCV  
  18  1:18  SCV  
  19  1:31  SCV  
  20  1:37  Reaper  
  21  1:40  Factory  
  21  1:43  SCV  
  22  1:55  SCV  
  22  2:00  Supply Depot  
  23  2:13  Orbital Command  
  23  2:21  Reaper  
  24  2:26  Hellion  
  26  2:35  Command Center  
  26  2:50  Starport  
  26  2:52  Hellion  
  26  2:53  Reaper  
  29  3:17  Supply Depot  
  29  3:19  SCV  
  30  3:25  Factory Tech Lab  
  30  3:39  SCV  
  31  3:47  Cyclone, Barracks Reactor  
  34  3:49  Starport Tech Lab  
  34  3:50  Orbital Command  
  34  4:01  Barracks  
  32  4:19  Cyclone  
  35  4:29  SCV x2  
  37  4:31  Marine x2  
  37  4:38  Orbital Command  
  39  4:41  SCV  
  40  4:51  Cyclone  
  40  5:09  SCV x2  
  40  5:12  Raven  
  44  5:17  Marine x2  
  44  5:18  Barracks Reactor  
  46  5:23  Siege Tank  
  46  5:26  SCV  
  46  5:27  SCV  
  51  5:34  Refinery  
  51  5:36  Refinery  
  51  5:43  SCV x2  
  53  5:51  Supply Depot x2  
  53  5:52  Supply Depot  
  53  5:53  Marine  
  53  5:54  Marine  
  55  6:10  Liberator  
  55  6:16  Stimpack  
  55  6:17  Marine  
  55  6:18  Siege Tank  
  59  6:20  Marine x2  
  64  6:36  SCV x2  
  64  6:38  Marine x2  
  68  6:48  SCV, Marine  
  68  6:54  Liberator, Siege Tank  
  73  6:55  Liberator  
  73  6:56  SCV, Marine x2  
  73  7:00  SCV  
  77  7:06  Command Center  
  77  7:07  Engineering Bay  
  77  7:08  Marauder  
  79  7:09  Engineering Bay  
  85  7:23  Marine  
  86  7:30  SCV, Supply Depot x3, Marine  
  86  7:31  SCV, Siege Tank, Marauder  
  94  7:51  Marine  
  94  7:52  SCV x2  
  94  7:54  Viking  
  94  7:57  Terran Infantry Weapons Level 1  
  99  8:00  Terran Infantry Armor Level 1  
  99  8:04  SCV  
  99  8:05  Marine  
  101  8:08  Viking  
  103  8:13  SCV  
  103  8:16  SCV  
  105  8:24  Viking  
  77  9:08  Liberator x2  
  65  9:21  Marine x3  
  65  9:23  Cyclone  
  75  9:38  SCV  
  75  9:39  SCV, Marine x3  
  80  9:46  Barracks  
  80  9:47  Barracks  
  80  9:49  Barracks  
  80  9:50  SCV  
  80  9:52  Barracks  
  81  9:55  Cyclone  
  81  9:57  Orbital Command, Liberator x2  
  81  9:58  SCV  
  85  10:03  SCV  
  86  10:12  Marine x3  
  95  10:23  Command Center  
  95  10:24  Armory  
  95  10:30  Marine  
  95  10:33  Marauder  
  95  10:34  Siege Tank  
  95  10:55  Marauder  
  97  10:59  Viking x2  
  97  11:01  Marine x2  
  103  11:06  Siege Tank  
  103  11:09  SCV x2  
  103  11:11  Terran Infantry Weapons Level 2  
  105  11:12  Terran Infantry Armor Level 2  
  105  11:15  Terran Vehicle Weapons Level 1  
  105  11:16  Marine  
  106  11:26  Starport  
  106  11:27  Marine x2  
  106  11:29  Viking  
  110  11:33  Marine  
  110  11:35  Orbital Command  
  110  11:39  SCV  
  113  11:40  SCV  
  113  11:41  Siege Tank  
  113  11:44  Marine  
  113  11:45  Marine  
  118  11:52  SCV x2  
  99  12:13  Siege Tank  
  79  12:36  Starport Reactor  
  79  12:38  Starport  
  79  12:44  Fusion Core  
  79  12:52  SCV x2  
  79  12:57  Planetary Fortress  
  81  13:04  SCV x3  
  83  13:07  Marauder  
  85  13:14  Terran Vehicle Weapons Level 2  
  85  13:16  SCV, Viking  
  85  13:17  Viking  
  85  13:18  Viking x2, Starport Reactor  
  94  13:20  Marine x2  
  94  13:24  Barracks Reactor  
  96  13:29  Marauder, Barracks Reactor  
  96  13:32  Barracks Tech Lab  
  98  13:37  Refinery  
  98  13:40  Refinery  
  98  13:57  Barracks Reactor  
  98  13:58  Marine  
  98  13:59  Marauder, Marine  
  98  14:00  Marauder  
  98  14:01  Siege Tank  
  107  14:05  Viking x3  
  107  14:08  Refinery  
  113  14:10  Refinery  
  113  14:21  Marauder  
  113  14:33  Siege Tank  
  116  14:40  Starport  
  116  14:41  Starport  
  114  14:51  Liberator x2  
  114  14:52  Liberator x2  
  114  15:04  Viking x2  
  130  15:17  Starport Tech Lab x2  
  130  15:36  Terran Infantry Armor Level 3, Terran Infantry Weapons Level 3  
  130  15:38  Marine x6  
  130  15:39  Marine x4  
  130  15:41  Siege Tank  
  143  15:55  Marine  
  144  16:02  Marine x4  
  148  16:11  Supply Depot  
  148  16:20  Supply Depot  
  148  16:21  Supply Depot  
  148  16:22  Supply Depot  
  148  16:23  Supply Depot  
  148  16:25  Supply Depot x3  
  148  16:26  Supply Depot x2  
  148  16:32  Thor, Marine x2  
  156  16:42  Battlecruiser, Marine x8  
  156  16:44  Battlecruiser  
  176  16:50  Marine  
  176  16:51  Viking  
  176  16:52  Viking x3  
  176  16:53  Viking  
  187  16:59  Marine x4  
  191  17:15  Thor  
  139  17:53  Viking x5  
  139  17:54  Viking x3  
  155  18:21  Marine  
  155  18:22  Marine x7  
  155  18:23  Viking x2, Marine x2  
  169  18:27  Siege Tank  
  169  18:29  Viking  
  169  18:30  Viking x5  
  184  18:39  Marine x3  
  184  18:40  Marine x2  
  189  18:44  Marine x2  
  189  18:45  Marine x3  
  194  18:52  Armory  
  194  18:53  Viking x2  
  198  18:57  Marine x2  
  200  20:34  Orbital Command  
Show
View Real Time Build Order
Export as new Build Order

TheChubbyBox Terran 

Build Orders:  

Get SALT Encoding   

  12  0:01  SCV  
  14  0:14  SCV  
  14  0:20  Supply Depot  
  14  0:26  SCV  
  15  0:41  SCV  
  16  0:48  Barracks  
  16  0:53  SCV  
  17  0:59  Supply Depot  
  17  1:08  Refinery  
  17  1:09  SCV  
  18  1:21  SCV  
  19  1:41  Marine  
  19  1:45  Supply Depot  
  20  1:48  Orbital Command  
  20  2:03  Command Center, Barracks Reactor  
  20  2:10  Supply Depot  
  20  2:41  Supply Depot  
  20  2:47  Factory  
  20  2:48  Marine x2  
  22  3:01  SCV  
  22  3:03  Refinery  
  23  3:13  SCV  
  24  3:20  Supply Depot  
  24  3:23  SCV  
  25  3:29  SCV  
  26  3:35  SCV  
  26  3:38  Marine x2  
  29  3:43  Supply Depot  
  29  3:46  Factory Tech Lab  
  29  3:47  SCV  
  30  3:57  Factory  
  30  3:59  SCV  
  28  4:12  SCV, Marine  
  31  4:19  Siege Tank  
  31  4:24  SCV, Marine  
  28  4:42  Orbital Command  
  22  5:14  SCV  
  23  5:15  SCV  
  24  5:24  Refinery  
  24  5:25  Refinery  
  24  5:26  SCV  
  24  5:27  SCV  
  26  5:33  Siege Tank  
  29  5:35  Factory Tech Lab  
  29  5:38  SCV  
  29  5:39  SCV  
  31  5:50  SCV  
  32  6:02  SCV  
  33  6:14  SCV, Cyclone x2  
  40  6:20  SCV  
  41  6:26  SCV  
  43  6:32  SCV  
  43  6:38  SCV  
  44  6:45  SCV  
  44  6:46  Armory  
  45  6:47  Cyclone x2  
  45  6:50  SCV  
  52  6:57  SCV  
  53  7:03  SCV  
  54  7:09  SCV  
  54  7:12  Starport  
  55  7:19  Cyclone x2  
  55  7:21  SCV  
  62  7:37  SCV  
  63  7:49  SCV  
  64  7:51  Cyclone x2  
  64  7:52  Starport Reactor  
  64  7:55  Starport  
  70  8:12  Command Center  
  70  8:21  Barracks Reactor  
  53  8:53  Viking x3  
  44  9:27  Supply Depot  
  34  9:46  Orbital Command  
  34  9:51  Supply Depot  
  34  9:53  Cyclone  
  34  9:54  Cyclone  
  34  9:55  Viking x3  
  46  10:08  Engineering Bay  
  46  10:12  Marine x2  
  44  10:15  Supply Depot  
  40  10:25  Viking x2  
  44  10:30  Marine x2  
  46  10:48  Marine  
  44  11:10  Siege Tank  
  47  11:13  Viking  
  47  11:14  Viking  
  47  11:17  Siege Tank  
  54  11:21  Viking  
  56  11:34  SCV  
  57  11:46  SCV  
  34  12:29  SCV  
  32  12:40  Siege Tank  
  32  12:41  SCV  
  36  12:53  SCV  
  36  13:05  SCV  
  36  13:06  Siege Tank  
  36  13:10  Marine x2  
  36  13:12  Siege Tank  
  45  13:17  SCV  
  46  13:28  Marine x2  
  46  13:30  SCV  
  49  13:38  Siege Tank  
  52  13:42  SCV  
  53  13:54  SCV  
  54  13:58  Command Center  
  54  14:06  SCV  
  55  14:18  SCV  
  56  14:27  Viking x3  
  56  14:30  SCV  
  63  14:42  SCV  
  64  14:54  SCV  
  64  14:57  Viking  
  66  15:05  Viking  
  66  15:06  Viking  
  70  15:16  Supply Depot  
  70  15:25  Refinery  
  70  15:34  SCV  
  71  15:39  Supply Depot  
  71  15:42  Starport  
  71  15:46  SCV  
  72  15:54  Missile Turret  
  72  15:58  Viking x2, SCV  
  72  16:04  Supply Depot  
  77  16:11  SCV  
  78  16:17  Missile Turret  
  78  16:23  SCV  
  79  16:29  SCV  
  80  16:35  SCV  
  80  16:38  Starport  
  81  16:41  SCV  
  81  16:42  Starport Tech Lab  
  82  16:47  SCV  
  82  16:54  SCV  
  84  16:59  SCV  
  85  17:02  Sensor Tower  
  85  17:06  SCV  
  86  17:14  Viking  
  86  17:15  Viking x2  
  91  17:16  Starport  
  70  17:56  SCV  
  71  17:59  Starport Tech Lab  
  71  18:01  Starport Tech Lab  
  71  18:05  Refinery  
  71  18:08  SCV  
  71  18:10  Refinery  
  72  18:17  Marine  
  73  18:20  SCV  
  74  18:32  SCV  
  75  18:35  Marine  
  75  18:36  Missile Turret  
  76  18:44  SCV  
  77  18:53  Fusion Core, Marine  
  78  18:56  SCV, Missile Turret  
  79  19:06  Refinery  
  79  19:08  SCV  
  74  19:20  SCV  
  64  19:33  SCV  
  65  20:06  Fusion Core  
  53  20:12  Viking  
  53  20:13  Viking x2  
  53  20:29  Missile Turret, Marine  
Tags
 
League
Silver
Matchup
TvT
Race
Terran
Spawn Locations
Close Positions
Add a new tag
Caveats
  • Supply blocks, unpowered buildings, or Contaminate may cause inaccurate times.
  • Supply counts are checked every 10 seconds.